 Dungeon Crawl Stone Soup version 0.22.0 (webtiles) character file.

198 BigChef the Slasher (level 5, -6/42 HPs)
             Began as a Demonspawn Chaos Knight on Sept 3, 2018.
             Mangled by an orc warrior
             ... wielding a +0 battleaxe
              (23 damage)
             ... on level 4 of the Dungeon.
             The game lasted 00:04:55 (2959 turns).

BigChef the Slasher (Demonspawn Chaos Knight)       Turns: 2959, Time: 00:04:55

Health: -6/42      AC:  9    Str: 13    XL:     5   Next: 47%
Magic:  5/5        EV:  9    Int: 13    God:    Xom [.....*]
Gold:   230        SH:  0    Dex: 13    Spells: 4/4 levels left

rFire    . . .     SeeInvis .   a - +0 falchion (chaos)
rCold    . . .     Gourm    .   (no shield)
rNeg     . . .     Faith    .   e - +0 scale mail
rPois    .         Spirit   .   (no helmet)
rElec    .         Reflect  .   h - +0 cloak
rCorr    .         Harm     .   (no gloves)
MR       .....                  k - +0 pair of boots
Stlth    ..........             (no amulet)
HPRegen  0.14/turn              (no ring)
MPRegen  0.09/turn              (no ring)

@: no status effects
A: hooves 1, MP-powered wands
a: Renounce Religion


You were on level 4 of the Dungeon.
You worshipped Xom.
You were Xom's teddy bear.
You were not hungry.

You visited 1 branch of the dungeon, and saw 4 of its levels.

You collected 230 gold pieces.

Inventory:

Hand Weapons
 a - a +0 falchion of chaos (weapon)
Armour
 b - a +2 leather armour
 e - a +0 scale mail (worn)
 h - a +0 cloak (worn)
 j - a +0 plate armour
 k - a +0 pair of boots (worn)
Jewellery
 s - an uncursed amulet of harm {unknown}
 v - a cursed amulet of inaccuracy {unknown}
Wands
 q - a wand of enslavement (12)
Scrolls
 i - a scroll of immolation {unknown}
 l - 2 scrolls of amnesia {unknown}
 m - a scroll of fear {unknown}
 n - 5 scrolls of remove curse
 o - 3 scrolls of teleportation {unknown}
 p - a scroll of enchant weapon {unknown}
 r - a scroll of identify
 u - a scroll of magic mapping {unknown}
Potions
 d - a potion of invisibility {unknown}
 f - 2 potions of lignification
 g - a potion of berserk rage
 t - a potion of heal wounds {unknown}
Comestibles
 c - 6 rations


   Skills:
 + Level 4.0 Fighting
 + Level 4.3 Long Blades
 + Level 2.9 Armour
 - Level 0.8 Dodging
 + Level 0.9 Stealth


You had 4 spell levels left.
You didn't know any spells.
Your spell library contained the following spells:

 Spells                   Type           Power        Failure   Level  Hunger
 Fireball                 Conj/Fire      #.........   100%        5    ######.
 Conjure Flame            Conj/Fire      #.......     99%         3    ####...
 Throw Flame              Conj/Fire      #.....       91%         2    ###....
 Sticky Flame             Conj/Fire      #.......     100%        4    #####..
 Flame Tongue             Conj/Fire      #....        80%         1    ##.....
 Inner Flame              Hex/Fire       #.......     99%         3    ####...


Dungeon Overview and Level Annotations

Branches:
Dungeon (4/15)
 Temple: D:4-7

Altars:
Cheibriados
Dithmenos
Sif Muna
Vehumet
Xom


Innate Abilities, Weirdness & Mutations

You have large cloven feet.
You expend magic power (3 MP) to strengthen your wands.


Message History

Reactivating autopickup.
You feel a bit more experienced.
You hit the dart slug. You drain the dart slug!
The dart slug is almost dead.
The dart slug launches a dart at you. The slug dart hits you!
You hit the dart slug.
You kill the dart slug!
An orc warrior comes into view. It is wielding a battleaxe.
Items here: ))) [ †† The orc warrior shouts!
You hit the orc warrior.
The orc warrior is lightly wounded.
The orc warrior hits you with a battleaxe!
You hit the orc warrior. You freeze the orc warrior.
The orc warrior is lightly wounded.
The orc warrior hits you with a battleaxe!!
Ouch! That really hurt!
You die...
Xom bursts into laughter!

#.........# #. ..
#......##.###.
####
#.##......#...##.
#...#
..##.###.###.##.
..... #.##.# #.#
#.... ......
..#.# #.# #....
#._.#.# #.#.# #.#
#....
##.##.o###.#.#
#.# #....
.###...@)....#
#.# #....
........)....# .#
###.#
.............#
(.#
............>#
###
.............#
..##########.# .
#.# .#


You could see an orc warrior.

Vanquished Creatures
  A scorpion (D:4)
  An iguana (D:3)
  A worker ant (D:4)
  An adder (D:2)
  2 oozes
  2 worms (D:3)
  5 dart slugs
  A leopard gecko (D:2)
  4 orcs (D:4)
  2 ball pythons
  3 giant cockroaches
  10 goblins
  5 hobgoblins
  2 bats (D:1)
  5 frilled lizards
  A jackal skeleton (D:4)
  12 kobolds
  A leopard gecko skeleton (D:2)
  7 rats
66 creatures vanquished.

Notes
Turn   | Place    | Note
-------+----------+-------------------------------------------
     0 | D:1      | BigChef the Demonspawn Chaos Knight began the quest for the Orb.
     0 | D:1      | Reached XP level 1. HP: 18/18 MP: 1/1
    55 | D:1      | XOM: potion effect (curing)
    98 | D:1      | Gained mutation: You have large cloven feet. [demonic ancestry]
    98 | D:1      | Reached XP level 2. HP: 21/24 MP: 2/2
   469 | D:1      | XOM: divination: magic mapping
   471 | D:1      | Reached XP level 3. HP: 29/29 MP: 3/3
   605 | D:1      | XOM: divination: detect items
   829 | D:2      | XOM: harmless Necr miscast
   992 | D:2      | Found a radiant altar of Vehumet.
  1436 | D:3      | XOM: cloud trail
  1461 | D:3      | XOM: god gift: book of Flames
  1499 | D:3      | Reached XP level 4. HP: 33/37 MP: 4/4
  1625 | D:3      | XOM: cloud trail
  1753 | D:3      | XOM: torment (19/37 hp)
  1895 | D:3      | XOM: god gift: dagger {god gift}
  2017 | D:3      | XOM: cleaving
  2116 | D:3      | XOM: cloud trail
  2194 | D:3      | XOM: scenery: create altars
  2247 | D:3      | XOM: give mutation
  2247 | D:3      | Gained mutation: You expend magic power (3 MP) to strengthen your wands. [Xom's grace]
  2259 | D:3      | Found a snail-covered altar of Cheibriados.
  2386 | D:3      | Found a deep blue altar of Sif Muna.
  2518 | D:4      | Reached XP level 5. HP: 13/42 MP: 5/5
  2672 | D:4      | XOM: silly message
  2699 | D:4      | XOM: scenery: create altars
  2813 | D:4      | XOM: scenery: 1 doors open
  2914 | D:4      | XOM: scenery: create altars
  2937 | D:4      | Found a shadowy altar of Dithmenos.
  2956 | D:4      | Noticed an orc warrior
  2959 | D:4      | Mangled by an orc warrior

Skill      XL: |  1  2  3  4  5 |
---------------+----------------+-----
Long Blades    | 3 4 |  4.3
Armour         | 2 |  2.9
Fighting       | 4 |  4.0
Dodging        | |  0.8
Stealth        | |  0.9

Action                   |  1- 3 |  4- 6 || total
-------------------------+-------+-------++-------
Melee: Falchion          |    82 |    83 ||   165
       Kick              |    15 |       ||    15
  Use: Scroll            |     4 |       ||     4
       Potion            |       |     3 ||     3
 Stab: Paralysed         |       |     1 ||     1
       Confused          |       |     1 ||     1
  Eat: Chunk             |     1 |     3 ||     4
       Ration            |       |     1 ||     1
Armor: Leather armour    |     6 |       ||     6
       Scale mail        |    26 |    34 ||    60
Dodge: Dodged            |    55 |    30 ||    85
       Rpst.: Falchion   |    12 |     7 ||    19
